 Dungeon Crawl Stone Soup version 0.21-a0-498-g1b60429 (webtiles) character file.

62 Laiders the Slasher (level 4, -8/35 HPs)
             Began as a Human Fighter on Nov 24, 2017.
             Mangled by an orc
             ... wielding a +1 hand axe of electrocution
              (12 damage)
             ... on level 3 of the Dungeon.
             The game lasted 00:03:15 (1422 turns).

Laiders the Slasher (Human Fighter)                 Turns: 1422, Time: 00:03:16

Health: -8/35      AC:  9    Str: 17    XL:     4   Next: 28%
Magic:  4/4        EV:  4    Int:  9    God:
Gold:   124        SH:  9    Dex: 12    Spells: 3/3 levels left

rFire    . . .     SeeInvis .   a - +0 long sword
rCold    . . .     Gourm    .   c - +0 shield
rNeg     . . .     Faith    .   i - +0 chain mail
rPois    .         Spirit   .   (no helmet)
rElec    .         Reflect  .   (no cloak)
rCorr    .         Harm     .   (no gloves)
MR       .....                  (no boots)
Stlth    ..........             (no amulet)
HPRegen  0.11/turn              (no ring)
MPRegen  0.09/turn              (no ring)

@: very slightly contaminated, invisible
A: no striking features
a: no special abilities


You were on level 3 of the Dungeon.
You were not hungry.

You visited 1 branch of the dungeon, and saw 3 of its levels.

You collected 124 gold pieces.

Inventory:

Hand Weapons
 a - a +0 long sword (weapon)
Armour
 c - a +0 shield (worn)
 i - a +0 chain mail (worn)
Jewellery
 q - an uncursed amulet of regeneration {unknown}
Wands
 n - a wand of polymorph (7)
Scrolls
 e - 2 scrolls of identify {unknown}
 g - a scroll of amnesia {unknown}
 h - a scroll of enchant armour {unknown}
 j - a scroll of remove curse
 l - a scroll of enchant weapon {unknown}
 m - a scroll of teleportation {unknown}
Potions
 b - a potion of invisibility
 d - a potion of might
 k - a potion of degeneration {unknown}
 r - 2 potions of heal wounds {unknown}
 s - a potion of lignification {unknown}
Comestibles
 f - 2 bread rations
 o - a meat ration
 p - 2 royal jellies


   Skills:
 - Level 3.0 Fighting
 + Level 4.2 Long Blades
 - Level 3.0 Armour
 - Level 3.0 Shields


You had 3 spell levels left.
You didn't know any spells.

Dungeon Overview and Level Annotations

Branches:
Dungeon (3/15)

Altars:
Uskayaw


Message History

The orc wizard is heavily wounded.
The orc priest casts a cantrip, but nothing happens.
You hit the orc priest.
The orc priest is moderately wounded.
The orc priest invokes the aid of Beogh against you.
Beogh smites you!
* * * LOW HITPOINT WARNING * * *
You see here a rat corpse.
It was a potion of invisibility.
You fade into invisibility!
You are very lightly contaminated with residual magic.
An orc comes into view. It is wielding a club.
A leopard gecko comes into view.
The leopard gecko hisses angrily.
The leopard gecko moves out of view.
You strike the helpless orc from behind!
You hit the orc.
The orc is severely wounded.
The orc hits you but does no damage.
You are electrocuted!
You die...

. .. ###########
..K
#....@o..(#...o
#.#####o##lo...
####.#
###.#..#...
#....# #..o..# .
###..#.# #.##.##
##...##.##.. .#
######..####.#..
##
................
####....##.....


You could see an orc priest, 2 orcs and a leopard gecko (wandering).

Vanquished Creatures
  2 oozes
  A worm (D:2)
  2 dart slugs (D:1)
  2 leopard geckos
  4 giant cockroaches
  5 goblins
  5 hobgoblins
  2 kobolds (D:2)
  A quokka (D:2)
  3 bats (D:1)
  3 frilled lizards (D:1)
  15 rats
45 creatures vanquished.

Notes
Turn   | Place    | Note
-------+----------+-------------------------------------------
     0 | D:1      | Laiders the Human Fighter began the quest for the Orb.
     0 | D:1      | Reached XP level 1. HP: 18/18 MP: 1/1
    70 | D:1      | Reached XP level 2. HP: 20/24 MP: 2/2
   113 | D:1      | Reached skill level 3 in Long Blades
   217 | D:1      | Reached XP level 3. HP: 29/29 MP: 3/3
   878 | D:2      | Reached skill level 4 in Long Blades
   878 | D:2      | Reached XP level 4. HP: 32/35 MP: 4/4
  1063 | D:2      | Found a hide-covered altar of Uskayaw.
  1422 | D:3      | Mangled by an orc

Vault maps used:
D:1:      onia_arrival_larder
D:2:      eat_drink_and_be_merry_uskayaw, first_bread
D:3:      nicolae_ru_path_of_blood

Skill      XL: |  1  2  3 |
---------------+----------+-----
Long Blades    | 3 4 |  4.2
Fighting       | |  3.0
Armour         | |  3.0
Shields        | |  3.0

Action                   |  1- 3 |  4- 6 || total
-------------------------+-------+-------++-------
Melee: Long sword        |   118 |    29 ||   147
  Use: Scroll            |     1 |       ||     1
       Potion            |       |     1 ||     1
 Stab: Invisible         |       |     1 ||     1
  Eat: Chunk             |       |     2 ||     2
Armor: Scale mail        |    25 |       ||    25
       Chain mail        |    43 |     6 ||    49
Dodge: Dodged            |    20 |     4 ||    24
Block: Shield            |    58 |    13 ||    71
       Rpst.: Long sword |     4 |     1 ||     5

Table legend:
 A = Spawn XP
 B = Non-spawn XP
 C = Spawn XP percentage of total XP
 D = Spawn monster count
 E = Non-spawn monster count
 F = Spawn count percentage of total count
 G = Total turns spent on level
                    A         B        C        D         E        F      G
               +---------+---------+-------+---------+---------+-------+---------
         Total |       0 |      89 |   0.0 |       0 |      45 |   0.0 |  1422
               +---------+---------+-------+---------+---------+-------+---------
           D:1 |       0 |      53 |   0.0 |       0 |      29 |   0.0 |   768
           D:2 |       0 |      32 |   0.0 |       0 |      13 |   0.0 |   539
           D:3 |       0 |       4 |   0.0 |       0 |       3 |   0.0 |   115
               +---------+---------+-------+---------+---------+-------+---------
